 Dungeon Crawl Stone Soup version 0.17-a0-848-g7e5c6af (webtiles) character file.

12 RobertPalmer the Bolt Thrower (level 2, -2/17 HPs)
             Began as a Kobold Hunter on Apr 28, 2015.
             Slain by a worm (8 damage)
             ... on level 2 of the Dungeon.
             The game lasted 00:00:42 (443 turns).

RobertPalmer the Bolt Thrower (Kobold Hunter)        Turns: 443, Time: 00:00:43

Health: -2/17      AC:  3    Str: 10    XL:     2   Next: 45%
Magic:  2/2        EV: 14    Int:  9    God:
Gold:   53         SH:  0    Dex: 16    Spells: 0 memorised, 1 level left

rFire  . . .     SeeInvis .     a - +0 short sword
rCold  . . .     Clarity  .     d - +0 leather armour
rNeg   . . .     SustAb   .     (shield restricted)
rPois  .         Gourm    .     (no helmet)
rElec  .         Spirit   .     (no cloak)
rCorr  .         Warding  .     (no gloves)
rMut   .         Stasis   .     (no boots)
MR     .....                    (no amulet)
Stlth  ++........               (no ring)
                                (no ring)

@: not resistant to hostile enchantments, unstealthy
A: carnivore 3
a: no special abilities


You were on level 2 of the Dungeon.
You were not hungry.

You visited 1 branch of the dungeon, and saw 2 of its levels.

You collected 53 gold pieces.

Inventory:

Hand weapons
 a - a +0 short sword (weapon)
 b - a +1 hand crossbow
Missiles
 c - 5 bolts
Armour
 d - a +0 leather armour (worn)
Scrolls
 f - a scroll of remove curse {unknown}
Comestibles
 e - 2 meat rations {@e2}


   Skills:
 - Level 2.1 Fighting
 + Level 2.5 Short Blades
 - Level 4.8 Crossbows
 - Level 2.4 Dodging
 - Level 1.3 Stealth


You had one spell level left.
You didn't know any spells.

Dungeon Overview and Level Annotations

Branches:
Dungeon (2/15)

Altars:


Innate Abilities, Weirdness & Mutations

You are small and have problems with some larger weapons.
You are carnivorous and can eat meat at any time.


Message History

The giant cockroach closely misses you.
You completely miss the giant cockroach.
The giant cockroach bites you but does no damage.
You hit the giant cockroach. The giant cockroach barely misses you.
You hit the giant cockroach.
You kill the giant cockroach!
No target in view!
No target in view!
No target in view!
There is an open door here.
You see here a giant cockroach corpse.
You now have 53 gold pieces (gained 15).
You open the door.
There is an open door here.
You open the door.
There is an open door here.
You open the door.
There is an open door here.
Found a stone staircase leading down.
You regained 2 hp, and now have 14/17 hp.
There is an open door here.
A bat comes into view.
A bat is nearby!
A bat is nearby!
A bat is nearby!
The bat barely misses you.
You hit the bat but do no damage. The bat closely misses you.
You miss the bat. The bat closely misses you. The bat barely misses you.
The bat hits you.
You take 1 damage, and have 15/17 hp.
You barely miss the bat. The bat misses you. The bat barely misses you.
The bat misses you. The bat hits you but does no damage.
You miss the bat. The bat hits you but does no damage. The bat misses you.
You hit the bat.
You kill the bat!
No target in view!
No target in view!
You fall through a shaft!
The shaft crumbles and collapses.
A kobold comes into view. It is wielding a club.
A kobold is nearby!
Unknown command.
Health restored: 17 You open the door.
The kobold shouts!
A worm comes into view.
There is an open door here.
A rat comes into view.
The kobold hits you with a club.
You take 3 damage, and have 14/17 hp.
You barely miss the kobold. The kobold hits you but does no damage.
The kobold throws a stone.
The stone hits you.
There is an open door, spattered with blood here.
You see here a stone.
You take 3 damage, and have 11/17 hp.
The rat twitches its whiskers.
b - a +1 hand crossbow (weapon)
Aim: a kobold, wielding a club You shoot a bolt.
The bolt hits the kobold!
You kill the kobold!
Aim: a rat You shoot a bolt.
The bolt hits the rat.
Aim: a rat (heavily wounded)
You shoot a bolt. The bolt hits the rat!
You kill the rat!
Aim: a worm You shoot a bolt.
The bolt hits the worm.
Aim: a worm (moderately wounded)
You shoot a bolt. The bolt hits the worm.
Aim: a worm (moderately wounded)
You shoot a bolt. The bolt completely misses the worm.
Aim: a worm (moderately wounded)
You shoot a bolt. The bolt hits the worm.
Aim: a worm (moderately wounded)
You shoot a bolt. The bolt barely misses the worm.
Aim: a worm (moderately wounded)
You shoot a bolt. The bolt hits the worm.
a - a +0 short sword (weapon)
The worm barely misses you.
b - a +1 hand crossbow (weapon)
Aim: a worm You shoot a bolt.
The bolt hits the worm!
Aim: a worm (heavily wounded)
You shoot a bolt. The bolt barely misses the worm.
Aim: a worm (heavily wounded)
You shoot a bolt. The bolt barely misses the worm.
Aim: a worm (heavily wounded)
You shoot a bolt. The bolt hits the worm.
Aim: a worm (severely wounded)
You shoot a bolt. The bolt barely misses the worm.
Aim: a worm (severely wounded)
You shoot a bolt. The bolt barely misses the worm.
a - a +0 short sword (weapon)
You hit the worm but do no damage. You hit the worm but do no damage.
The worm bites you!
You take 7 damage, and have 6/17 hp.
MASSIVE DAMAGE!!
You hit the worm. The worm bites you!
You die...

#################
#...............#
#.############.##
###.## #@# .....#
#w# .....# #(#
.....# #(# ....##
#.#
..##############(##
..(((((....w...(..#
..#################
..#


You could see a worm.

Vanquished Creatures
  3 bats (D:1)
  A giant cockroach (D:1)
  2 hobgoblins (D:1)
  2 kobolds
  2 rats
10 creatures vanquished.

Notes
Turn   | Place    | Note
--------------------------------------------------------------
     0 | D:1      | RobertPalmer, the Kobold Hunter, began the quest for the Orb.
     0 | D:1      | Reached XP level 1. HP: 12/12 MP: 1/1
    71 | D:1      | Reached skill level 1 in Short Blades
   186 | D:1      | Reached skill level 2 in Short Blades
   186 | D:1      | Reached XP level 2. HP: 11/17 MP: 2/2
   355 | D:1      | You fall through a shaft!
   443 | D:2      | Slain by a worm

Action                   || total
-------------------------++-------
Melee: Short sword       ||    34
 Fire: Hand crossbow     ||    15

Vault maps used:
D:1:      sevenhm_arrival_forest_fort_large_3
D:2:      first_bread

Table legend:
 A = Turns spent in this place as a percentage of turns spent in the entire game.
 B = Non-inter-level travel turns spent in this place as a percentage of non-inter-level travel turns spent in the entire game.
 C = Inter-level travel turns spent in this place as a percentage of turns spent in this place.
 D = Turns resting spent in this place as a percentage of non-inter-level travel turns spent in this place.
 E = Turns spent auto-exploring this place as a percentage of non-inter-level travel turns spent in this place.
 F = Non-inter-level travel turns spent in this place divided by the number of levels of this place that you've seen.
                   A       B       C       D       E      F
               +-------+-------+-------+-------+-------+----------------------
         Total | 100.0 | 100.0 |   0.0 |   0.0 |   7.9 |  82.0
       Dungeon | 100.0 | 100.0 |   0.0 |   0.0 |   7.9 |  82.0
               +-------+-------+-------+-------+-------+----------------------

Table legend:
 A = Kills in this place as a percentage of kills in entire the game.
 B = Kills by you in this place as a percentage of kills by you in the entire game.
 C = Kills by friends in this place as a percentage of kills by friends in the entire game.
 D = Other kills in this place as a percentage of other kills in the entire game.
 E = Experience gained in this place as a percentage of experience gained in the entire game.
 F = Experience gained in this place divided by the number of levels of this place that you have seen.
                   A       B       C       D       E      F
               +-------+-------+-------+-------+-------+----------------------
         Total | 100.0 | 100.0 |  -nan |  -nan | 100.0 |   9.0
       Dungeon | 100.0 | 100.0 |  -nan |  -nan | 100.0 |   9.0
               +-------+-------+-------+-------+-------+----------------------
